 Dungeon Crawl Stone Soup version 0.30.1-4-g462c640d31 (webtiles) character file.

Game seed: 14168167020335231075

57 HagarQim the Shooter (level 4, 0/27 HPs)
             Began as a Kobold Hunter on Sept 5, 2023.
             Slain by Grinder (3 damage)
             ... on level 3 of the Dungeon.
             The game lasted 00:05:19 (1611 turns).

HagarQim the Shooter (Kobold Hunter)                Turns: 1611, Time: 00:05:20

Health: 0/27       AC:  3    Str:  8    XL:     4   Next: 18%
Magic:  4/4        EV: 15    Int: 10    God:
Gold:   132        SH:  5    Dex: 20    Spells: 3/3 levels left

rFire   . . .        f - +2 dagger (venom)
rCold   . . .        (no shield)
rNeg    . . .        c - +0 leather armour
rPois   .            (no helmet)
rElec   .            (no cloak)
rCorr   .            (no gloves)
SInv    .            (no boots)
Will    .....        i - amulet of reflection
Stlth   +++          (no ring)
HPRegen 0.24/turn    (no ring)
MPRegen 0.09/turn

%: reflection
@: about to teleport
A: small, no large weapons, nightstalker 3
a: no special abilities


You were on level 3 of the Dungeon.
You visited 1 branch of the dungeon, and saw 3 of its levels.

You collected 132 gold pieces.

Inventory:

Hand Weapons
 a - a +0 shortbow
 f - a +2 dagger of venom (weapon)
Armour
 c - a +0 leather armour (worn)
Jewellery
 i - an amulet of reflection (around neck)
Scrolls
 b - a scroll of immolation
 e - a scroll of poison {unknown}
 m - 2 scrolls of teleportation
 n - a scroll of fog {unknown}
 o - a scroll of enchant armour {unknown}
Potions
 d - a potion of magic
 g - 2 potions of resistance {unknown}
 h - a potion of curing
 j - a potion of flight
 l - a potion of haste


   Skills:
 + Level 2.5 Fighting
 + Level 0.5 Short Blades
 + Level 6.3 Ranged Weapons
 + Level 0.4 Armour
 + Level 2.6 Dodging
 + Level 2.5 Stealth
 + Level 0.1 Shields


You had 3 spell levels left.
You didn't know any spells.
Your spell library contained the following spells:

 Spells                   Type           Power      Damage    Failure   Level
 Shock                    Conj/Air       0%         1d3       47%         1
 Swiftness                Air            0%         N/A       85%         3
 Airstrike                Air            0%         2d(0-16)  99%         4


Dungeon Overview and Level Annotations

Branches:
Dungeon (3/15)

Altars:

Annotations:
D:2 Sigmund
D:3 Grinder


Innate Abilities, Weirdness & Mutations

You are small and have problems with some larger weapons.
You are completely attuned to the shadows.


Message History

As you read the scroll of identify, it crumbles to dust.
m - 3 scrolls of teleportation A frilled lizard comes into view.
Found 12 gold pieces.
Found 14 gold pieces.
You see here a scroll labelled UXKUWU ZANOUL.
You barely miss the frilled lizard.
The frilled lizard hisses angrily.
The frilled lizard misses you.
You hit the frilled lizard.
You kill the frilled lizard!
You see here a frilled lizard corpse.
e - a scroll labelled UXKUWU ZANOUL You now have 104 gold pieces (gained 12).
You now have 118 gold pieces (gained 14).
A ball python comes into view.
The helpless ball python fails to defend itself.
You impale the ball python!!
You kill the ball python!
You now have 132 gold pieces (gained 14).
g - 2 bubbling emerald potions
Found a ring mail.
Grinder comes into view.
Level annotation: Grinder Welcome back, HagarQim the Kobold Hunter.
Press ? for a list of commands and other information.
Grinder gestures at you.
You suddenly lose the ability to move!
Grinder says, "Don't move a muscle."
Grinder hits you!
You writhe in agony.
Grinder says, "FISH!"
Grinder hits you.
You writhe in agony.
* * * LOW HITPOINT WARNING * * *
Grinder hits you but does no damage.
You can move again.
As you read the scroll of teleportation, it crumbles to dust.
You feel strangely unstable. Grinder hits you.
* * * LOW HITPOINT WARNING * * *
You writhe in agony.
You die...

#.# #.....#
#.# #.....#
#.# #.....#
#.# #.....#
#.# #######
#.# ####
##.## #..
#...# #5#
###...###@#
#.......#.#
#.........#
#...[...###
###...###
#...# #####


You could see Grinder.

Vanquished Creatures
  An adder (D:3)
  An orc (D:3)
  3 ball pythons
  3 endoplasms
  4 giant cockroaches
  5 hobgoblins
  3 jackals (D:1)
  2 quokkas
  6 bats
  2 frilled lizards
  5 goblins
  A kobold (D:1)
  6 rats
42 creatures vanquished.

Notes
Turn   | Place    | Note
-------+----------+-------------------------------------------
     0 | D:1      | HagarQim the Kobold Hunter began the quest for the Orb.
     0 | D:1      | Reached XP level 1. HP: 12/12 MP: 1/1
    84 | D:1      | Reached XP level 2. HP: 17/17 MP: 2/2
   229 | D:1      | Reached skill level 6 in Ranged Weapons
   516 | D:1      | Reached XP level 3. HP: 14/22 MP: 3/3
  1287 | D:2      | Noticed Sigmund
  1403 | D:3      | Reached XP level 4. HP: 27/27 MP: 4/4
  1604 | D:3      | Noticed Grinder
  1606 | D:3      | Paralysed by Grinder for 5 turns
  1611 | D:3      | Slain by Grinder

Illustrated notes

Levels and vault maps discovered:
D:1:      beargit_arrival_greenhouse, layout_loops_ring, nrook_uturn,
          minmay_pentomino_r4
D:2:      layout_loops_ring, uniq_sigmund
D:3:      layout_loops_cross, amcnicky_altar_gilded,
          mainiacjoe_overflow_small_starburst, hellmonk_no_cap, uniq_grinder,
          uniq_ijyb, uniq_natasha

Skill      XL: |  1  2  3 |
---------------+----------+-----
Ranged Weapons | 6 |  6.3
Stealth        | 2 |  2.5
Fighting       | |  2.5
Short Blades   | |  0.5
Armour         | |  0.4
Dodging        | |  2.6
Shields        | |  0.1

Action                     |  1- 3 |  4- 6 || total
---------------------------+-------+-------++-------
  Melee: Dagger            |    52 |     4 ||    56
   Fire: Shortbow          |    24 |       ||    24
    Use: Scroll            |     5 |     2 ||     7
         Potion            |     1 |       ||     1
   Stab: Sleeping          |    13 |     2 ||    15
 Armour: Leather armour    |    10 |     1 ||    11
  Dodge: Dodged            |    53 |     1 ||    54
  Block: Other             |     8 |       ||     8
